 Dungeon Crawl Stone Soup version 0.24-a0-130-ga3c21ff (webtiles) character file.

Game seed: 0

49241 zishaf the Frost Mage (level 14, -2/103 HPs)
             Began as a Vampire Ice Elementalist on Feb 26, 2019.
             Was the Champion of Dithmenos.
             Engulfed by a fire crab's flame (20 damage)
             ... on level 6 of the Lair of Beasts.
             The game lasted 01:27:17 (43570 turns).

zishaf the Frost Mage (Vampire Ice Elementalist)   Turns: 43570, Time: 01:27:18

Health: -2/103     AC: 15    Str:  9    XL:     14   Next: 15%
Magic:  6/23       EV: 18    Int: 23    God:    Dithmenos [******]
Gold:   1160       SH:  5    Dex: 18    Spells: 5/26 levels left

rFire    . . .     SeeInvis +   a - +1 dagger (venom)
rCold    + . .     Gourm    .   n - +0 buckler
rNeg     + + .     Faith    +   F - +1 steam dragon scales
rPois    +         Spirit   .   S - +2 helmet {Int+3}
rElec    .         Reflect  .   g - +1 cloak {MR+}
rCorr    .         Harm     .   v - +0 pair of gloves
MR       ++...                  V - +0 pair of boots
Stlth    +++++++++.             C - amulet of faith
HPRegen  0.13/turn              N - ring of wizardry
MPRegen  0.18/turn              Q - +3 ring of dexterity

@: regenerating slowly, wreathed by umbra
A: rotting body, fangs 3, see invisible, unbreathing
a: Bat Form, Shadow Step, Shadow Form, Renounce Religion


You were on level 6 of the Lair of Beasts.
You worshipped Dithmenos.
Dithmenos was exalted by your worship.
You were near bloodless.

You visited 3 branches of the dungeon, and saw 20 of its levels.

You collected 1504 gold pieces.
You spent 344 gold pieces at shops.

Inventory:

Hand Weapons
 a - a +1 dagger of venom (weapon)
 b - a +2 hunting sling of freezing
 w - a +0 blowgun
Missiles
 c - 695 stones (quivered)
 H - 47 poisoned needles
 L - 142 sling bullets
Armour
 g - a +1 cloak of magic resistance (worn)
 n - a +0 buckler (worn)
 v - a +0 pair of gloves (worn)
 F - +1 steam dragon scales (worn)
 S - a +2 helmet of intelligence (worn)
 V - a +0 pair of boots (worn)
 X - the +1 leather armour "Jaonot" {rElec Str+3}
   (You found it on level 5 of the Lair of Beasts)

   It affects your strength (+3).
   It insulates you from electricity.
Magical Staves
 x - an uncursed staff of power
Jewellery
 C - an amulet of faith (around neck)
 J - an uncursed ring of see invisible
 N - a ring of wizardry (left hand)
 P - an uncursed ring of ice
 Q - a +3 ring of dexterity (right hand)
 Z - an uncursed amulet of the acrobat {unknown}
Wands
 d - a wand of digging (6)
 j - a wand of polymorph (14)
 r - a wand of iceblast (8)
 K - a wand of random effects (28)
 O - a wand of acid (7)
 U - a wand of enslavement (11)
Scrolls
 f - 3 scrolls of amnesia
 h - 9 scrolls of teleportation
 i - 6 scrolls of enchant weapon
 k - 6 scrolls of remove curse
 p - a scroll of blinking
 t - 5 scrolls of enchant armour
 u - a scroll of summoning
 y - 2 scrolls of fog
 M - 2 scrolls of brand weapon
 T - a scroll of fear {unknown}
 W - a scroll of magic mapping {unknown}
Potions
 e - 10 potions of curing
 l - a potion of berserk rage {unknown}
 m - 3 potions of haste
 o - 3 potions of ambrosia
 q - 13 potions of blood
 s - 3 potions of brilliance
 z - a potion of might
 A - 2 potions of heal wounds
 B - 2 potions of flight
 D - 3 potions of agility
 E - 6 potions of mutation
 G - 3 potions of lignification
 I - 2 potions of magic
Miscellaneous
 R - a fan of gales
 Y - a box of beasts


   Skills:
 + Level 7.6 Fighting
 + Level 6.2 Short Blades
 - Level 5.0 Armour
 - Level 8.1 Dodging
 - Level 8.0 Stealth
 - Level 4.0 Shields
 + Level 6.5 Spellcasting
 - Level 0.6 Conjurations
 - Level 3.0 Charms
 + Level 10.5 Summonings
 + Level 7.3 Necromancy
 + Level 11.6 Ice Magic
 - Level 5.0 Air Magic
 - Level 6.0 Earth Magic


You had 5 spell levels left.
You knew the following spells:

 Your Spells              Type           Power        Failure   Level  Hunger
a - Freeze                Ice            ####         1%          1    None
b - Summon Ice Beast      Ice/Summ       ######..     1%          4    ###....
c - Ozocubu's Armour      Chrm/Ice       #####...     1%          3    None
d - Summon Lightning Spi  Summ/Air       #####...     1%          4    ###....
e - Borgnjor's Vile Clut  Necr/Erth      #####.....   6%          5    #####..
f - Throw Icicle          Conj/Ice       #####...     2%          4    ###....

Your spell library contained the following spells:

 Spells                   Type           Power        Failure   Level  Hunger
 Summon Small Mammal      Summ           ####         1%          1    None
 Call Imp                 Summ           ######..     1%          2    None
 Ensorcelled Hibernation  Hex/Ice        ####..       1%          2    None
 Throw Frost              Conj/Ice       #####.       1%          2    None
 Call Canine Familiar     Summ           ######..     1%          3    None
 Summon Guardian Golem    Hex/Summ       ####....     1%          3    None
 Silence                  Hex/Air        ###.......   32%         5    #####..
 Shadow Creatures         Summ           N/A          7%          6    ######.
 Darkness                 Hex            #.........   99%         6    ######.


Dungeon Overview and Level Annotations

Branches:
Dungeon (13/15)            Temple (1/1) D:4            Lair (6/6) D:9
  Swamp (0/4) Lair:2       Spider (0/4) Lair:3        Slime (0/5) Lair:5
    Orc (0/2) D:10
 Vaults: D:13-14

Altars:
Ashenzari
Cheibriados
Dithmenos
Elyvilon
Fedhas
Gozag
Hepliaklqana
Kikubaaqudgha
Makhleb
Nemelex Xobeh
Okawaru
Qazlal
Ru
Sif Muna
Trog
Uskayaw
Vehumet
Wu Jian
Xom
Yredelemnul
Zin
The Shining One
Beogh
Jiyva

Shops:
D:6 }   D:7 =   D:9 *   D:11 *

Annotations:
D:5 2 transporters
D:9 3 runed translucent doors, zhngchq's ghost, novice DECj


Innate Abilities, Weirdness & Mutations

Your body is rotting away.
You thrive on raw meat.
You heal slowly.
You have razor-sharp teeth.
You have supernaturally acute eyesight. (SInv)
You can survive without breathing.


Message History

q - 13 potions of blood (gained 1)
You start resting.
The fire crab is too close now for your liking.
A lava snake comes into view.
The fire crab breathes flames at you.
The blast of flame engulfs you but does no damage.
You are engulfed in blazing flames.
The fire crab breathes flames at you. The blast of flame misses you.
You are engulfed in blazing flames.
You are engulfed in blazing flames.
* * * LOW HITPOINT WARNING * * *
The lava snake misses you. The lava snake spits lava at you.
You block the glob of lava. The fire crab breathes flames at you.
The blast of flame engulfs you!
* * * LOW HITPOINT WARNING * * *
You are engulfed in blazing flames.
You die...

..÷.##
##≈≈###8##S.t.#°°°.....(
...#.#
#≈≈.#8#..#...≈##°°.##...
.#.###
##≈§.#....t#≈§≈≈§#≈≈§§#..
..##
#≈≈.......○##≈≈≈≈≈≈≈§§§..
.###
##≈≈.......○.##≈######§§..
...##
#≈≈.......☼..≈≈##$...##≈§.
....# #≈≈#....○○°○≈≈§#
$.... ≈≈§ ...##
##§##....○○○≈≈≈#/.D... ..
..### ##...@○○○≈§# ..
....## #.......#≈§# ...
...#.# ##....###≈.## ...#
..##.## #8#8#..§#.≈.#####
P.#...# ######≈.§≈≈≈..≈≈≈
....#.# #§≈≈#..#≈≈≈≈###
....####
§≈§≈≈≈###...≈≈...#####
......P##
###≈≈##8....#≈....##≈≈
..%.....## ≈§≈#
##.....#.....#≈≈


You could see a fire crab.

Vanquished Creatures
  Snorg (Lair:3)
  A catoblepas (Lair:2)
  4 hydras
  A death yak (Lair:6)
  Nergalle (D:11)
  A manticore (Lair:2)
  An ugly thing (D:12)
  6 black mambas
  17 elephants
  Joseph (D:7)
  A molten gargoyle (Lair:6)
  12 spiny frogs
  2 rime drakes
  A freezing wraith (D:11)
  7 komodo dragons
  A queen bee (Lair:2)
  A polar bear (Lair:3)
  2 hornets
  3 slime creatures
  Prince Ribbit (D:8)
  10 hippogriffs
  4 trolls
  2 blink frogs (Lair:2)
  Sigmund (D:6)
  3 wyverns
  A wraith (D:10)
  A shadow (D:13)
  26 yaks
  A hungry ghost (D:13)
  4 basilisks
  4 swamp worms
  Menkaure (D:6)
  7 porcupines
  5 water moccasins
  4 orc warriors
  3 ice beasts
  3 sky beasts
  7 ogres
  2 phantoms
  7 centaurs
  5 wolves
  4 big kobolds
  11 crocodiles
  18 bullfrogs
  A wyvern skeleton (D:9)
  6 scorpions
  31 killer bees
  8 wights
  A howler monkey (D:5)
  7 crimson imps
  3 bullfrog zombies
  A centaur zombie (D:10)
  Crazy Yiuf (D:2)
  2 bullfrog skeletons
  7 hounds
  3 orc priests
  3 jellies (D:10)
  4 iguanas
  2 orc wizards
  8 worker ants
  A worker ant zombie (D:8)
  Robin (D:3)
  3 gnolls (D:4)
  A howler monkey skeleton (D:11)
  13 adders
  A river rat (Lair:2)
  A shadow imp (D:5)
  2 adder zombies
  An adder skeleton (D:6)
  2 worms
  4 dart slugs
  3 leopard geckos
  42 orcs
  A ball python (D:1)
  5 giant cockroaches
  15 goblins
  7 hobgoblins
  10 jackals
  33 kobolds
  A quokka (D:2)
  3 bats
  4 frilled lizards
  A leopard gecko zombie (D:6)
  8 rats
  A bush (D:9)
451 creatures vanquished.

Vanquished Creatures (collateral kills)
  A dire elephant (Lair:5)
  Josephine (D:11)
  Fannar (Lair:3)
  An ice dragon (D:11)
  A hydra (Lair:6)
  4 death yaks
  Urug (D:12)
  Sonja (Lair:4)
  A cyclops (D:11)
  A deep elf mage (D:11)
  2 ugly things (D:13)
  10 elephants
  A torpor snail (Lair:4)
  A centaur zombie (D:11)
  A molten gargoyle (Lair:6)
  2 black mambas (Lair:6)
  A spiny frog (Lair:6)
  A komodo dragon (Lair:6)
  A troll (D:12)
  4 tyrant leeches
  6 blink frogs
  8 slime creatures
  A spriggan (Lair:5)
  2 wraiths
  2 wyverns (Lair:6)
  22 yaks
  3 basilisks (Lair:6)
  2 steam dragons (Lair:6)
  A soldier ant (D:11)
  3 hell hounds (Lair:6)
  4 swamp worms
  A porcupine (Lair:3)
  3 water moccasins
  2 orc warriors
  A black bear (Lair:2)
  5 centaurs
  3 wolves (Lair:3)
  2 crocodiles
  3 bullfrogs (Lair:3)
  4 killer bees
  3 lava snakes (Lair:6)
  6 orc priests
  A bullfrog skeleton (D:11)
  A centaur skeleton (D:11)
  4 orc wizards
  22 orcs
  A kobold (D:10)
153 creatures vanquished.

Vanquished Creatures (others)
  A wizard (D:7)
  78 fungi
  33 plants
112 creatures vanquished.

Grand Total: 716 creatures vanquished

Notes
Turn   | Place    | Note
-------+----------+-------------------------------------------
     0 | D:1      | zishaf the Vampire Ice Elementalist began the quest for the
                  | Orb.
     0 | D:1      | Reached XP level 1. HP: 13/13 MP: 3/3
   568 | D:1      | Reached XP level 2. HP: 14/19 MP: 0/5
  1378 | D:2      | Reached XP level 3. HP: 24/24 MP: 6/6
  1383 | D:2      | Learned a level 3 spell: Ozocubu's Armour
  1455 | D:2      | Found a runed translucent door.
  1457 | D:2      | Noticed Crazy Yiuf
  2968 | D:3      | Reached skill level 1 in Charms
  2968 | D:3      | Reached XP level 4. HP: 30/30 MP: 7/7
  4640 | D:3      | Noticed Robin
  5822 | D:3      | Killed Robin
  6519 | D:4      | Reached skill level 5 in Stealth
  6536 | D:4      | Reached skill level 1 in Short Blades
  6536 | D:4      | Reached XP level 5. HP: 13/35 MP: 3/8
  7064 | D:4      | Reached skill level 4 in Ice Magic
  7212 | D:4      | Reached XP level 6. HP: 32/41 MP: 5/9
  7506 | D:4      | Found a staircase to the Ecumenical Temple.
  7618 | Temple   | Entered the Ecumenical Temple
  7771 | Temple   | Became a worshipper of Dithmenos the Shadowed
  8163 | D:5      | Entered Level 5 of the Dungeon
  8200 | D:5      | Learned a level 4 spell: Summon Ice Beast
  8702 | D:2      | Killed Crazy Yiuf
  9109 | D:5      | Reached skill level 1 in Summonings
  9125 | D:5      | Reached XP level 7. HP: 44/46 MP: 6/10
  9580 | D:5      | Found a transporter.
  9586 | D:5      | Identified the +4 scale mail "Ipneip" {Str+5 SInv Stlth+}
  9586 | D:5      | Identified the cursed -5 buckler of Fashionability {rPois
                  | Int+3}
  9791 | D:5      | Found a transporter.
 10344 | D:6      | Reached skill level 5 in Ice Magic
 10412 | D:6      | Reached skill level 1 in Armour
 10412 | D:6      | Reached skill level 5 in Dodging
 10772 | D:6      | Noticed Sigmund
 10786 | D:6      | Killed Sigmund
 10786 | D:6      | Reached XP level 8. HP: 44/52 MP: 1/11
 10883 | D:6      | Found a shimmering altar of Xom.
 11054 | D:6      | Reached * piety under Dithmenos
 11452 | D:6      | Found a hide-covered altar of Uskayaw.
 11454 | D:6      | Noticed Menkaure
 11459 | D:6      | Killed Menkaure
 11722 | D:6      | Found Cupu's Gadget Shop.
 12718 | D:7      | Noticed a hornet
 12720 | D:7      | Killed a hornet
 12720 | D:7      | Reached skill level 6 in Ice Magic
 12848 | D:7      | Reached XP level 9. HP: 44/57 MP: 4/13
 12922 | D:7      | Found a bloodstained altar of Trog.
 12923 | D:7      | Noticed a wizard
 12929 | D:7      | Killed a wizard
 13822 | D:7      | Found Emano's Jewellery Shop.
 13823 | D:7      | Noticed Joseph
 13863 | D:7      | Reached skill level 5 in Summonings
 13962 | D:7      | Killed Joseph
 13962 | D:7      | Reached skill level 7 in Ice Magic
 15611 | D:8      | Reached ** piety under Dithmenos
 16184 | D:8      | Noticed Prince Ribbit
 16193 | D:8      | Killed Prince Ribbit
 16427 | D:8      | Reached skill level 1 in Fighting
 16427 | D:8      | Reached XP level 10. HP: 65/65 MP: 8/14
 16519 | D:8      | Reached skill level 1 in Shields
 17418 | D:9      | Found a glowing silver altar of Zin.
 17419 | D:9      | Found a snail-covered altar of Cheibriados.
 17422 | D:9      | Found a bloodstained altar of Trog.
 17491 | D:9      | Reached skill level 8 in Ice Magic
 17879 | D:9      | Found a staircase to the Lair.
 18757 | D:9      | Got a steaming dagger
 18759 | D:9      | Identified the +4 dagger "Fatrewn" {freeze, rPois MR+ MP-9}
                  | (You found it on level 9 of the Dungeon)
 18935 | D:9      | Reached *** piety under Dithmenos
 18972 | D:9      | Found an ornate altar of the Wu Jian Council.
 19010 | D:9      | Learned a level 4 spell: Summon Lightning Spire
 19092 | D:9      | Found a runed translucent gate.
 19092 | D:9      | Found a runed translucent gate.
 19092 | D:9      | Found a runed translucent gate.
 19092 | D:9      | Noticed zhngchq's ghost (novice DECj)
 19169 | D:9      | Reached skill level 1 in Air Magic
 19324 | D:9      | Found an ancient bone altar of Kikubaaqudgha.
 19326 | D:9      | Found a blossoming altar of Fedhas.
 19338 | D:9      | Found Deisif's General Store.
 19343 | D:9      | Bought a +2 helmet of intelligence for 344 gold pieces
 20019 | D:10     | Entered Level 10 of the Dungeon
 20654 | D:10     | HP: 3/70 [yak (3)]
 21416 | D:10     | Reached XP level 11. HP: 75/75 MP: 17/17
 21525 | D:10     | Reached skill level 9 in Ice Magic
 21824 | D:10     | Found a staircase to the Orcish Mines.
 21829 | D:10     | Found a roughly hewn altar of Beogh.
 21839 | D:10     | Reached **** piety under Dithmenos
 22731 | D:11     | Noticed Josephine
 22778 | D:11     | Killed Josephine
 23629 | D:11     | You fall through a shaft for 2 floors!
 23653 | D:13     | Noticed a purple ugly thing
 23679 | D:13     | Killed a purple ugly thing
 24800 | D:12     | Noticed Urug
 24806 | D:12     | Reached ***** piety under Dithmenos
 24823 | D:12     | Killed Urug
 25335 | D:12     | Noticed a cyan ugly thing
 25387 | D:13     | Killed a red ugly thing
 25846 | D:12     | Noticed a red ugly thing
 26012 | D:12     | Killed a red ugly thing
 26012 | D:12     | Reached skill level 5 in Spellcasting
 26247 | D:11     | Found Xotsecva's General Store.
 26397 | D:11     | Noticed Nergalle
 26407 | D:11     | Killed Nergalle
 26807 | D:11     | Noticed a deep elf mage
 26836 | D:11     | Killed a deep elf mage
 27572 | D:11     | Upgraded the game from 0.24-a0-127-gfc1eed5 to
                  | 0.24-a0-130-ga3c21ff
 27578 | D:11     | Learned a level 5 spell: Borgnjor's Vile Clutch
 27600 | D:11     | Noticed an ice dragon
 27610 | D:11     | Killed an ice dragon
 27880 | D:11     | Reached skill level 5 in Air Magic
 27993 | D:11     | Reached skill level 1 in Necromancy
 28290 | Lair:1   | Entered Level 1 of the Lair of Beasts
 28309 | Lair:1   | Reached skill level 1 in Earth Magic
 28374 | Lair:1   | Reached XP level 12. HP: 84/84 MP: 19/19
 28466 | Lair:1   | Reached skill level 10 in Ice Magic
 28682 | Lair:1   | Learned a level 4 spell: Throw Icicle
 29055 | Lair:2   | Reached skill level 5 in Fighting
 29326 | Lair:2   | Reached ****** piety under Dithmenos
 29349 | Lair:2   | HP: 2/86 [killer bee (7)]
 30054 | Lair:2   | Noticed a catoblepas
 30064 | Lair:2   | Killed a catoblepas
 30064 | Lair:2   | Reached skill level 5 in Armour
 30384 | Lair:2   | Found a staircase to the Swamp.
 31191 | Lair:2   | Noticed a seven-headed hydra
 31203 | Lair:2   | Killed a seven-headed hydra
 32373 | Lair:3   | Noticed Fannar
 32384 | Lair:3   | Killed Fannar
 32671 | Lair:3   | Reached skill level 5 in Necromancy
 33141 | Lair:3   | Identified a scroll of acquirement
 33156 | Lair:3   | Noticed Snorg
 33169 | Lair:3   | Killed Snorg
 33219 | Lair:3   | Found a hole to the Spider Nest.
 33229 | Lair:3   | Reached XP level 13. HP: 83/93 MP: 20/20
 34840 | Lair:3   | Reached skill level 5 in Earth Magic
 35653 | Lair:4   | Noticed Sonja
 35664 | Lair:4   | Killed Sonja
 35664 | Lair:4   | Reached skill level 11 in Ice Magic
 37375 | Lair:4   | You fall through a shaft!
 37375 | Lair:5   | Found a viscous altar of Jiyva.
 37376 | Lair:5   | Found a staircase to the Slime Pits.
 38186 | Lair:5   | Reached skill level 5 in Short Blades
 38193 | Lair:5   | Noticed a dire elephant
 38204 | Lair:5   | Killed a dire elephant
 38603 | Lair:4   | Got a smoking arbalest
 38686 | Lair:4   | Identified the +6 arbalest of Tumult {velocity, rF+} (You
                  | found it on level 4 of the Lair of Beasts)
 38949 | Lair:5   | Reached skill level 10 in Summonings
 39021 | Lair:5   | Got a bloodstained leather armour
 39032 | Lair:5   | Identified the +1 leather armour "Jaonot" {rElec Str+3}
                  | (You found it on level 5 of the Lair of Beasts)
 39308 | Lair:6   | Entered Level 6 of the Lair of Beasts
 41546 | Lair:5   | Reached XP level 14. HP: 48/103 MP: 7/23
 43570 | Lair:6   | Engulfed by a fire crab's flame

Levels and vault maps discovered:
D:1:      eino_arrival_tree_alley, layout_basic, chequers_serial_rivers_small_a
D:2:      layout_rooms, kennysheep_generic_room_2, uniq_crazy_yiuf_cottage
D:3:      layout_loops_corners, serial_rivers, chequers_serial_rivers_large_b,
          chequers_serial_rivers_large_a, chequers_serial_rivers_micro_b,
          chequers_serial_rivers_micro_d, chequers_serial_rivers_micro_b,
          uniq_robin
D:4:      layout_basic, minmay_temple_entry_glass
D:5:      layout_loops_corners, first_ration, gammafunk_ghost_gnarly_gnolls,
          minmay_pentangle
D:6:      layout_cave_pods, old_standard_altar, lemuel_round_altar,
          serial_shops, nicolae_shop_trees, chequers_serial_rivers_small_b,
          uniq_sigmund, uniq_menkaure
D:7:      layout_loops_corners, serial_shops, shop, grunt_ogre_cave,
          hangedman_abyss_or_decor_slice, trog_wizard, uniq_joseph
D:8:      layout_rooms, serial_co_window_serial, co_window_corner_a,
          co_window_corner_a, co_window_paths_a, co_window_of_opportunity_a,
          co_window_paths_b, co_window_of_opportunity_a, co_window_corner_a,
          co_window_unsneaky_path_e, co_window_unsneaky_path_e,
          co_window_broadway_c, glass_columns_a, glass_columns_c,
          uniq_prince_ribbit1
D:9:      layout_grid_maze, grunt_temple_overflow_growth_and_decay,
          old_standard_altar, chequers_temple_overflow_statue_of_worship,
          erik_lair_island, gammafunk_ghost_split, serial_shops,
          kennysheep_little_box, kb_lookout_dungeons_type,
          minmay_misc_feat_columns
D:10:     layout_roguey, minmay_orc_entry_temple_small,
          hangedman_abyss_or_decor_passed, st_stairs_10
D:11:     layout_long_grid, serial_shops, shop_fountains, minmay_the_grid_2x2
          [minmay_the_grid_dragon_a, minmay_the_grid_expand,
          minmay_the_grid_odd_star, minmay_the_grid_prize_inner_circle],
          uniq_josephine, uniq_nergalle
D:12:     layout_roguey, st_stairs_7, minmay_mirror_moons_of_madness, uniq_urug
D:13:     layout_cave_pods, david_vaults_5
Temple:   zaba_magenta_temple
Lair:1:   layout_regular_city, grunt_megastairs_1
Lair:2:   regret_index_bee_streams, layout_regular_city, swamp_mist_pool,
          infiniplex_staircase_pool_2
Lair:3:   layout_chaotic_city, nicolae_spider_entry_non_spiders, uniq_fannar,
          uniq_snorg
Lair:4:   layout_regular_city, worms_lemuel, uniq_sonja
Lair:5:   mu_elephants_graveyard, layout_small_grid, slime_altar_1
Lair:6:   cheibrodos_lair_end_hotspot, layout_hall_layers

Skill      XL: |  1  2  3  4  5  6  7  8  9 10 11 12 13 14 |
---------------+-------------------------------------------+-----
Stealth        | 4 5 6 8 |  8.0
Dodging        | 3 4 5 6 8 |  8.1
Charms         | 1 2 3 |  3.0
Short Blades   | 1 2 3 4 5 6 |  6.2
Ice Magic      | 4 5 6 7 8 9 10 11 | 11.6
Summonings     | 1 2 4 6 8 9 10 | 10.5
Armour         | 1 3 4 5 |  5.0
Spellcasting   | 3 4 5 6 |  6.5
Fighting       | 1 3 4 6 7 |  7.6
Shields        | 3 4 |  4.0
Air Magic      | 2 5 |  5.0
Necromancy     | 1 5 7 |  7.3
Earth Magic    | 1 4 6 |  6.0
Conjurations   | |  0.6

Action                   |  1- 3 |  4- 6 |  7- 9 | 10-12 | 13-15 || total
-------------------------+-------+-------+-------+-------+-------++-------
Melee: Dagger            |    73 |   101 |   318 |   922 |   300 ||  1714
       Bite              |     3 |    12 |    44 |   132 |    34 ||   225
       Unarmed           |     1 |       |       |       |       ||     1
 Fire: Hunting sling     |       |       |     5 |    13 |     2 ||    20
Throw: Stone             |       |       |    13 |     4 |     1 ||    18
 Cast: Freeze            |    29 |    97 |   136 |   217 |   105 ||   584
       Ozocubu's Armour  |     1 |       |     7 |    14 |    10 ||    32
       Summon Ice Beast  |       |       |     2 |    32 |    45 ||    79
       Summon Lightning  |       |       |       |    55 |    60 ||   115
       Throw Icicle      |       |       |       |     3 |       ||     3
       Borgnjor's Vile C |       |       |       |       |     8 ||     8
Invok: Shadow Step       |       |       |       |       |     1 ||     1
 Abil: End Transformatio |     1 |     4 |       |       |       ||     5
       Bat Form          |     1 |     4 |       |       |       ||     5
Evoke: Wand              |       |     1 |     5 |       |       ||     6
  Use: Potion            |     2 |    12 |    10 |    28 |    21 ||    73
       Scroll            |       |    12 |     4 |     9 |     5 ||    30
 Stab: Sleeping          |    12 |    15 |    25 |    64 |    17 ||   133
       Distracted        |       |       |       |    10 |    13 ||    23
Armor: Robe              |    15 |    16 |     4 |       |       ||    35
       Leather armour    |       |       |    12 |       |       ||    12
       Steam dragon scal |       |       |    47 |   248 |   119 ||   414
Dodge: Dodged            |    53 |   123 |   256 |   995 |   349 ||  1776
Block: Buckler           |       |       |       |   184 |    99 ||   283

Table legend:
 A = Non-vault XP
 B = Vault XP
 C = Vault XP percentage of total XP
 D = Non-vault monster count
 E = Vault monster count
 F = Vault count percentage of total count
                 A         B        C        D         E       F
            +---------+---------+-------+---------+---------+-------
      Total |   42623 |   27722 |  39.4 |     430 |     173 |  28.7
            +---------+---------+-------+---------+---------+-------
        D:1 |      29 |       0 |   0.0 |      18 |       0 |   0.0
        D:2 |      46 |      47 |  50.5 |      19 |       3 |  13.6
        D:3 |      62 |      33 |  34.7 |      18 |      11 |  37.9
        D:4 |     323 |       0 |   0.0 |      22 |       0 |   0.0
        D:5 |     354 |      49 |  12.2 |      18 |       1 |   5.3
        D:6 |     757 |     388 |  33.9 |      22 |       2 |   8.3
        D:7 |    2067 |     552 |  21.1 |      35 |       2 |   5.4
        D:8 |    1187 |     264 |  18.2 |      19 |       1 |   5.0
        D:9 |    1820 |     823 |  31.1 |      28 |       9 |  24.3
       D:10 |    3644 |     356 |   8.9 |      42 |      11 |  20.8
       D:11 |    1032 |    3978 |  79.4 |      25 |      17 |  40.5
       D:12 |    1527 |     432 |  22.1 |      22 |       1 |   4.3
       D:13 |    1777 |       0 |   0.0 |      10 |       0 |   0.0
     Lair:1 |    2234 |     595 |  21.0 |      14 |       6 |  30.0
     Lair:2 |    4473 |    4811 |  51.8 |      17 |      43 |  71.7
     Lair:3 |    4812 |    2783 |  36.6 |      31 |      13 |  29.5
     Lair:4 |    3545 |    1780 |  33.4 |      17 |      11 |  39.3
     Lair:5 |    4717 |    6130 |  56.5 |      12 |      19 |  61.3
     Lair:6 |    8217 |    4701 |  36.4 |      41 |      23 |  35.9
            +---------+---------+-------+---------+---------+-------
